 Dungeon Crawl Stone Soup version 0.20-a0-984-ge8aa303 (webtiles) character file.

1408 4thArraOfDagon the Martial Artist (level 8, 0/68 HPs)
             Began as a Bultungin Monk on Apr 10, 2017.
             Was a Believer of Ashenzari.
             Slain by a wyvern (6 damage)
             ... on level 9 of the Dungeon.
             The game lasted 00:13:39 (2422 turns).

4thArraOfDagon the Martial Artist (Bultungin Monk)  Turns: 2422, Time: 00:13:39

Health: 0/68       AC: 12    Str: 10    XL:     8   Next: 70%
Magic:  8/8        EV:  4    Int: 13    God:    Ashenzari [**....]
Gold:   492        SH:  0    Dex: 16    Spells: 7/7 levels left

rFire    . . .     SeeInvis +     - Unarmed
rCold    . . .     Gourm    +   (no shield)
rNeg     . . .     Faith    .   j - +0 plate armour
rPois    .         Spirit   .   (no helmet)
rElec    .         Reflect  .   (no cloak)
rCorr    .         Harm     .   (no gloves)
MR       .....                  (no boots)
Stlth    ..........             g - amulet of the gourmand
Regen    0.3/turn               (no ring)
MPRegen  0.2/turn               (no ring)

@: no status effects
A: short attention span, fangs 1, see invisible, strong nose
a: Curse Item, Scrying, Renounce Religion


You were on level 9 of the Dungeon.
You worshipped Ashenzari.
Ashenzari was pleased with you.
You were not hungry.

You visited 1 branch of the dungeon, and saw 9 of its levels.
You also visited: Sewer and Ossuary.

You collected 492 gold pieces.

Inventory:

Missiles
 v - 2 throwing nets (quivered)
Armour
 a - a +0 robe
 j - a +0 plate armour (worn)
Jewellery
 g - an amulet of the gourmand (around neck)
 k - a cursed -3 ring of intelligence
 s - an uncursed ring of protection from fire
Wands
 q - a wand of digging (12/24)
 t - a wand of random effects (4/48)
 u - a wand of confusion (16/48)
 w - a wand of iceblast (9/15)
Scrolls
 c - 3 scrolls of enchant armour {unknown}
 d - a scroll of enchant weapon {unknown}
 e - 5 scrolls of remove curse
 f - 2 scrolls of fear
 h - 2 scrolls of teleportation {unknown}
 i - a scroll of random uselessness {unknown}
Potions
 l - 3 potions of degeneration {unknown}
 n - 6 potions of curing {unknown}
 o - 3 potions of flight
 p - a potion of lignification {unknown}
 r - a potion of magic
 z - a potion of mutation {unknown}
 B - a potion of haste {unknown}
 C - a potion of brilliance {unknown}
Comestibles
 b - 7 bread rations
 m - 2 meat rations


   Skills:
 + Level 8.2 Fighting
 + Level 6.0 Armour
 + Level 7.9 Dodging
 - Level 5.3 Stealth
 * Level 8.9 Unarmed Combat


You had 7 spell levels left.
You didn't know any spells.

Dungeon Overview and Level Annotations

Branches:
Dungeon (9/15)             Temple (0/1) D:7
   Lair: D:8-11         Orc: D:9-12

Altars:
Ashenzari
Gozag
Makhleb
Nemelex Xobeh
Okawaru
Qazlal
Ru

Annotations:
D:4 Malvoorn's ghost, amateur DsBe
D:5 Grinder


Innate Abilities, Weirdness & Mutations

You have a short attention span.
You have very sharp teeth.
You have supernaturally acute eyesight. (SInv)
Your uncanny sense of smell can sniff out nearby items.


Message History

Unknown command.
You hit the wyvern but do no damage.
The wyvern is almost dead.
Unknown command.
Your plate armour prevents you from hitting the wyvern.
You bite the wyvern.
The wyvern is almost dead.
The wyvern seems less confused.
The wyvern bites you but does no damage.
Unknown command.
You hit the wyvern.
The wyvern is almost dead.
The wyvern bites you!
* * * LOW HITPOINT WARNING * * *
Unknown command.
Unknown command.
You hit the wyvern but do no damage.
The wyvern is almost dead.
The wyvern bites you.
You die...

* ########*## >
........ .# #..#Z..
.# ,* ,......##.# ,
......%.l# * * , **
#..@.# *, #....#
*,, * #....# #. *
##### #....# #.,
#...###....#
##..####..........#
............#..##.#
...####.....#.....#
... #...........#


You could see a wyvern and an adder skeleton.

Vanquished Creatures
  Psyche (D:8)
  A yak (D:9)
  A wolf (D:9)
  A big kobold (Sewer)
  2 bullfrogs (D:5)
  A scorpion (D:9)
  A howler monkey (D:6)
  2 bullfrog zombies
  2 orc priests
  3 hounds
  2 orc wizards
  An iguana (D:7)
  A worker ant (D:7)
  A big kobold zombie (Ossuary)
  A hound skeleton (D:4)
  8 mummies (Ossuary)
  4 adders
  A shadow imp (D:5)
  An ooze (D:1)
  2 dart slugs
  2 leopard geckos (D:5)
  10 orcs
  3 giant cockroaches
  A goblin (D:1)
  3 hobgoblins
  9 jackals
  2 quokkas
  A ball python (D:3)
  5 frilled lizards
  A gnoll zombie (Ossuary)
  2 hobgoblin zombies (Ossuary)
  A jackal zombie (D:6)
  6 kobolds
  A kobold zombie (Ossuary)
  A leopard gecko skeleton (D:5)
  3 orc zombies (Ossuary)
  6 rats
94 creatures vanquished.

Vanquished Creatures (others)
  An ogre (D:8)
1 creature vanquished.

Grand Total: 95 creatures vanquished

Notes
Turn   | Place    | Note
-------+----------+-------------------------------------------
     0 | D:1      | 4thArraOfDagon the Bultungin Monk began the quest for the Orb.
     0 | D:1      | Reached XP level 1. HP: 22/22 MP: 1/1
    56 | D:1      | Reached skill level 1 in Unarmed Combat
   145 | D:1      | Reached XP level 2. HP: 23/28 MP: 2/2
   304 | D:2      | Reached XP level 3. HP: 6/34 MP: 3/3
   344 | D:2      | Noticed a fire elemental
   348 | D:2      | Found a stormy altar of Qazlal.
   461 | D:2      | You fall through a shaft for 2 floors!
   504 | D:4      | Noticed Malvoorn's ghost (amateur DsBe)
   630 | D:3      | Found a shattered altar of Ashenzari.
   639 | D:3      | Became a worshipper of Ashenzari the Shackled
   639 | D:3      | Reached * piety under Ashenzari
   639 | D:3      | Reached ** piety under Ashenzari
   730 | D:5      | Entered Level 5 of the Dungeon
   767 | D:5      | Reached XP level 4. HP: 36/40 MP: 4/4
   777 | D:5      | Found a glowing drain.
   797 | Sewer    | Entered a sewer
   870 | Sewer    | Noticed a big kobold
   933 | Sewer    | Killed a big kobold
   933 | Sewer    | Reached skill level 5 in Unarmed Combat
   933 | Sewer    | Reached XP level 5. HP: 20/47 MP: 5/5
   995 | Sewer    | Found a white marble altar of Elyvilon.
  1053 | D:4      | Found a sparkling altar of Nemelex Xobeh.
  1093 | D:5      | Found an iron altar of Okawaru.
  1171 | D:5      | Reached XP level 6. HP: 23/53 MP: 6/6
  1293 | D:5      | Found a sacrificial altar of Ru.
  1314 | D:5      | Noticed Grinder
  1615 | D:7      | Reached XP level 7. HP: 48/60 MP: 7/7
  1638 | D:7      | Found a burning altar of Makhleb.
  1650 | D:7      | Found a staircase to the Ecumenical Temple.
  1785 | D:8      | Found a sand-covered staircase.
  1789 | D:8      | Noticed Psyche
  1802 | D:8      | Killed Psyche
  1802 | D:8      | Reached XP level 8. HP: 62/68 MP: 8/8
  1808 | Ossuary  | Entered an ossuary
  1893 | Ossuary  | Reached skill level 5 in Armour
  2057 | D:8      | Noticed a wyvern
  2214 | D:8      | Found an opulent altar of Gozag.
  2342 | D:9      | Noticed a yak
  2372 | D:9      | HP: 3/68 [yak (10)]
  2390 | D:9      | Killed a yak
  2404 | D:9      | Noticed a wyvern
  2422 | D:9      | Slain by a wyvern

Vault maps used:
D:1:      scummos_arrival_gate, kennysheep_boxes
D:2:      grunt_ministairs_6, nicolae_qazlal_style_of_elements
D:3:      grunt_temple_overflow_forces_of_nature, led_sif_pool,
          overflow_temple_1_default, grunt_ministairs_10, nemelex_altar_shiori
D:4:      cheibrodos_helix_gallery, nicolae_overflow_hidden_temple, first_bread
D:5:      old_standard_altar, kennysheep_mini_moat, portal_sewer_entry_f,
          uniq_prince_ribbit1, uniq_grinder
D:6:      marbit_many_paths
D:7:      lemuel_crystal_altar, minmay_temple_entry_from_below_a
D:8:      old_standard_altar, enter_ossuary_3, grunt_ogre_cave,
          nemelex_diamond_rough_becter, uniq_psyche
D:9:      yredelemnul_forgotten_temple_becter, enter_bailey_2, minivault_24,
          uniq_grum
Sewer:    sewer_kobolds
Ossuary:  ossuary_tomb_3

Skill      XL: |  1  2  3  4  5  6  7  8 |
---------------+-------------------------+-----
Unarmed Combat | 1 3 4 5 6 7 8 |  8.9
Dodging        | 6 7 |  7.9
Fighting       | 6 7 8 |  8.2
Armour         | 2 3 4 6 |  6.0
Stealth        | |  5.3

Action                   |  1- 3 |  4- 6 |  7- 9 || total
-------------------------+-------+-------+-------++-------
Melee: Unarmed           |   128 |   201 |   175 ||   504
       Bite              |    14 |    20 |    24 ||    58
       Punch             |     3 |     1 |     4 ||     8
Evoke: Wand              |       |       |    21 ||    21
  Use: Potion            |     2 |       |     5 ||     7
       Scroll            |       |       |     3 ||     3
 Stab: Sleeping          |     2 |     1 |       ||     3
       Confused          |       |       |     9 ||     9
  Eat: Chunk             |       |     5 |     4 ||     9
Armor: Robe              |    16 |     1 |       ||    17
       Plate armour      |       |   128 |    78 ||   206
Dodge: Dodged            |    88 |    37 |    23 ||   148
